 Dungeon Crawl Stone Soup version 0.24-a0-397-g73b976d (webtiles) character file.

Game seed: 2661174139074052486

444620 TheYango the Executioner (level 24, -8/237 HPs)
             Began as a Hill Orc Berserker on June 4, 2019.
             Was a High Priest of Trog.
             Killed from afar by a deep elf annihilator (82 damage)
             ... with a crystal spear
             ... on level 5 of the Vaults.
             The game lasted 04:01:38 (46663 turns).

TheYango the Executioner (Hill Orc Berserker)      Turns: 46663, Time: 04:01:39

Health: -8/237     AC: 43    Str: 32    XL:     24   Next: 17%
Magic:  23/23      EV: 10    Int: 11    God:    Trog [*****.]
Gold:   2058       SH: 18    Dex: 14    Spells: 23/23 levels left

rFire    + . .     SeeInvis +   S - +7 war axe of the Shrike {freeze, rF++ Int+2}
rCold    + . .     Gourm    .   C - +3 shield {reflect}
rNeg     + + +     Faith    .   J - +7 plate armour {rC+}
rPois    +         Spirit   .   D - +2 helmet of Toggaliwn {rC- rN++ Regen+ rCorr Int+2}
rElec    .         Reflect  +   W - +2 cloak {MR+}
rCorr    +         Harm     .   w - +2 pair of gloves
MR       ++++.                  t - +2 pair of boots {run}
Stlth    ..........             h - amulet of Koumuade {*Drain +Blink rPois Regen+}
HPRegen  2.29/turn              E - ring "Jer Niut" {Slay+5 SInv}
MPRegen  0.18/turn              M - ring "Gink" {Ice rN++ Str+5}

@: about to teleport, regenerating, hasted, very quick
A: no striking features
}: 2/15 runes: decaying, serpentine
a: Berserk, Trog's Hand, Brothers in Arms, Renounce Religion, Evoke Blink


You were on level 5 of the Vaults.
You worshipped Trog.
Trog was extremely pleased with you.
You were not hungry.

You visited 10 branches of the dungeon, and saw 42 of its levels.
You also visited: Ice Cave and Volcano.

You collected 5319 gold pieces.
You spent 3261 gold pieces at shops.


   Skills:
 + Level 23.7 Fighting
 + Level 25.5 Axes
 + Level 13.9 Bows
 + Level 22.0 Armour
 - Level 1.5 Dodging
 - Level 15.0 Shields


You had 23 spell levels left.
You didn't know any spells.
Your spell library was empty.

Dungeon Overview and Level Annotations

Branches:
Dungeon (13/15)            Temple (1/1) D:4            Lair (6/6) D:11
  Swamp (4/4) Lair:3        Snake (4/4) Lair:4        Slime (1/5) Lair:5
    Orc (2/2) D:9             Elf (3/3) Orc:2        Vaults (5/5) D:13
  Crypt (3/3) Vaults:2       Tomb (0/3) Crypt:3

Altars:
Ashenzari
Cheibriados
Dithmenos
Gozag
Hepliaklqana
Kikubaaqudgha
Makhleb
Nemelex Xobeh
Sif Muna
Xom
Yredelemnul
The Shining One
Beogh
Jiyva

Shops:
D:5 :   D:7 !   D:8 *   D:10 }   Orc:2 ![%*[   Elf:1 !*=   Elf:3 *%
Snake:3 =*[   Vaults:1 *![   Vaults:2 [   Vaults:3 *

Annotations:
D:8 2 transporters, exclusion: obsidian statue
Lair:3 exclusion: 4 oklob plants
Orc:1 3 runed translucent doors, Patomp's ghost, journeyman MiBe

Inventory:

Hand Weapons
 n - the +9 shortbow of Suicidal Tendencies {flame, Str+2 Int+4 Dex+4}
   (Trog gifted it to you on level 4 of the Snake Pit)

   It causes projectiles fired from it to burn those they strike, causing extra
   injury to most foes and up to half again as much damage against particularly
   susceptible opponents.
   It affects your strength (+2).
   It affects your intelligence (+4).
   It affects your dexterity (+4).
 q - a +3 demon trident
 y - a +4 broad axe of electrocution
   (You subdued it on level 2 of the Elven Halls)
 A - the +10 war axe of Contradiction {drain, *Drain rF+ rC++}
   (You found it on level 1 of the Snake Pit)

   A truly terrible weapon, it drains the life of those it strikes.
   It protects you from fire.
   It greatly protects you from cold.
   It causes draining when unequipped.
 K - a +3 broad axe of flaming
   (You took it off a hell knight on level 3 of the Crypt)
 S - the +7 war axe of the Shrike (weapon) {freeze, rF++ Int+2}
   (You found it on level 8 of the Dungeon)

   It has been specially enchanted to freeze those struck by it, causing extra
   injury to most foes and up to half again as much damage against particularly
   susceptible opponents.
   It can also slow down cold-blooded creatures.
   It affects your intelligence (+2).
   It greatly protects you from fire.
 Z - a +6 battleaxe of draining
   (Trog gifted it to you on level 10 of the Dungeon)
Missiles
 o - 1540 arrows (quivered)
Armour
 f - the +1 hat of Girixt {Str+2 Int-4 Slay+2}
   (You found it in an ice cave)

   It affects your strength (+2).
   It affects your intelligence (-4).
   It affects your accuracy and damage with ranged weapons and melee attacks
   (+2).
 t - a +2 pair of boots of running (worn)
   (You bought it in a shop on level 1 of the Vaults)
 w - a +2 pair of gloves (worn)
 B - a +2 plate armour of fire resistance
   (You found it on level 3 of the Elven Halls)
 C - a +3 shield of reflection (worn)
   (You took it off Donald on level 3 of the Elven Halls)
 D - the +2 helmet of Toggaliwn (worn) {rC- rN++ Regen+ rCorr Int+2}
   (You found it on level 3 of the Elven Halls)

   It affects your intelligence (+2).
   It makes you vulnerable to cold.
   It greatly protects you from negative energy.
   It increases your rate of regeneration.
   It provides partial protection from all sources of acid and corrosion.
 F - the +5 chain mail of Exclusion {rF+ rC+ MR++}
   (You found it on level 3 of the Elven Halls)

   It protects you from fire.
   It protects you from cold.
   It affects your resistance to hostile enchantments.
 J - a +7 plate armour of cold resistance (worn)
   (You found it on level 10 of the Dungeon)
 U - the +2 hat of Gookkem {+Blink SInv}
   (You acquired it on level 9 of the Dungeon)

   It lets you see invisible.
   It lets you blink.
 W - a +2 cloak of magic resistance (worn)
   (You took it off Maurice on level 8 of the Dungeon)
Jewellery
 h - the amulet of Koumuade (around neck) {*Drain +Blink rPois Regen+}
   (You bought it in a shop on level 1 of the Elven Halls)

   [amulet of regeneration]

   It protects you from poison.
   It lets you blink.
   It increases your rate of regeneration.
   It causes draining when unequipped.
 v - a +4 ring of strength
 E - the ring "Jer Niut" (left hand) {Slay+5 SInv}
   (You took it off a deep elf high priest on level 3 of the Elven Halls)

   [ring of slaying]

   It affects your accuracy and damage with ranged weapons and melee attacks
   (+5).
   It lets you see invisible.
 M - the ring "Gink" (right hand) {Ice rN++ Str+5}
   (You bought it in a shop on level 1 of the Elven Halls)

   [ring of ice]

   It enhances your ice magic.
   It affects your strength (+5).
   It makes you vulnerable to fire.
   It protects you from cold.
   It greatly protects you from negative energy.
 O - the ring of Laerirel {+Fly rElec rN+ Int-2 Dex+2}
   (You bought it in a shop on level 3 of the Snake Pit)

   [ring of flight]

   It affects your intelligence (-2).
   It affects your dexterity (+2).
   It insulates you from electricity.
   It protects you from negative energy.
   It lets you fly.
Wands
 a - a wand of acid (20)
 i - a wand of clouds (3)
 j - a wand of enslavement (29)
 I - a wand of disintegration (26)
 N - a wand of digging (7)
 P - a wand of paralysis (15)
 Q - a wand of scattershot (12)
 R - a wand of iceblast (18)
 T - a wand of polymorph (27)
Scrolls
 d - 6 scrolls of teleportation {@r4}
 e - 15 scrolls of remove curse {@r8}
 r - 5 scrolls of magic mapping
 H - a scroll of fear
 L - 6 scrolls of blinking
 V - a scroll of summoning
 X - 21 scrolls of identify {@r9}
Potions
 g - 7 potions of haste {@q3}
 k - 5 potions of resistance
 m - a potion of cancellation
 p - 4 potions of might
 s - 5 potions of agility
 u - 2 potions of heal wounds {@q2}
 x - 4 potions of flight
 z - 19 potions of curing {@q1}
 G - 2 potions of berserk rage
 Y - 3 potions of mutation {!q}
Comestibles
 c - 44 rations
 l - 24 chunks of flesh {@w1}

#####....#.X#.
....#...)#.#.#
....^......D
####........####
....*...C.*.....
......CJcT......
......Q)pWsx....
......H@eex.....
####..TGp34.####
.......p3e...#
.....#.X..#..#
###..#....##...
#. #....# #... #
#....# ..#
#....# ##


You could see a shadow dragon, a tentacled monstrosity, an emperor scorpion
shaped shifter, a titan, a fire giant, a sphinx, a ghostly vault warden, a tengu
reaver, a deep elf annihilator, a great orb of eyes, a deep elf sorcerer, a
slime creature shaped shifter, a deep troll, 2 sun demons, a deep elf
demonologist, an orange demon, a vault sentinel, a large abomination, an
ironbrand convoker, a deep troll shaman, a yaktaur, a freezing wraith, a
battlesphere and 2 crawling corpses.


Message History

You hit the deep elf annihilator. You freeze the deep elf annihilator.
You block the tengu reaver's attack.
The tengu reaver pecks you but does no damage.
You block the tengu reaver's attack.
You closely miss the deep elf annihilator.
The deep elf annihilator is heavily wounded.
You hit the ghostly vault warden but do no damage.
You closely miss the deep elf death mage.
You miss the tengu reaver. You hit the deep troll shaman.
You freeze the deep troll shaman. You slash the great orb of eyes!
You freeze the great orb of eyes.
You closely miss the ironbrand convoker.
The queen ant changes into an emperor scorpion!
The deep elf demonologist casts a spell.
The deep elf annihilator casts a spell at you.
The crystal spear hits you!!
* * * LOW HITPOINT WARNING * * *
The great orb of eyes bites you but does no damage.
As you read the scroll of teleportation {@r4}, it crumbles to dust.
You feel strangely unstable.
You block the ghostly vault warden's attack.
You block the deep elf death mage's attack.
The titan waves its arms in wide circles.
The air twists around and strikes you!
* * * LOW HITPOINT WARNING * * *
The ironbrand convoker hits you but does no damage.
You block the deep troll shaman's attack.
The deep troll shaman claws you but does no damage. x2
You hit the deep elf annihilator. You freeze the deep elf annihilator.
The deep elf annihilator is heavily wounded.
You hit the ghostly vault warden. You slash the deep elf death mage!
You freeze the deep elf death mage.
You hit the tengu reaver but do no damage.
You hit the sphinx. You freeze the sphinx. You slice the deep troll shaman!!
You freeze the deep troll shaman.
You hit the great orb of eyes but do no damage.
You slash the ironbrand convoker! You freeze the ironbrand convoker.
You block the tengu reaver's attack. The tengu reaver pecks you.
* * * LOW HITPOINT WARNING * * *
The tengu reaver claws you but does no damage.
The deep elf annihilator barely misses you.
The great orb of eyes bites you but does no damage.
You feel much better.
The deep elf death mage mumbles some strange words.
Some corpses begin to drag themselves along the ground!
Some corpses meld into an agglomeration of writhing flesh!
The ghostly vault warden hits you but does no damage.
You block the sphinx's attack. x2; The sphinx hits you.
* * * LOW HITPOINT WARNING * * *
The deep troll shaman bites you but does no damage.
The deep troll shaman closely misses you.
You block the deep troll shaman's attack.
A shadow dragon comes into view.
The ironbrand convoker closely misses you.
A large abomination and 2 crawling corpses come into view.
You slash the deep elf annihilator! You freeze the deep elf annihilator.
The deep elf annihilator is severely wounded.
You slash the ghostly vault warden! You slice the deep elf death mage!!
You freeze the deep elf death mage.
You kill the deep elf death mage!
Trog accepts your kill.
Trog appreciates your killing of a magic user.
You closely miss the tengu reaver. You slash the sphinx! You freeze the sphinx.
You closely miss the deep troll shaman. You slash the great orb of eyes!
You freeze the great orb of eyes. You slash the ironbrand convoker!
You freeze the ironbrand convoker.
A tentacled monstrosity comes into view.
The deep elf annihilator gestures at you while chanting.
The crystal spear hits you!!!!
You die...

Action                   |  1- 3 |  4- 6 |  7- 9 | 10-12 | 13-15 | 16-18 | 19-21 | 22-24 || total
-------------------------+-------+-------+-------+-------+-------+-------+-------+-------++-------
Melee: Hand axe          |   160 |   252 |   339 |       |       |       |       |       ||   751
       War axe           |       |       |   202 |   517 |   965 |  1183 |  1509 |  1075 ||  5451
       Flail             |       |       |       |       |    80 |       |       |       ||    80
Invok: Trog's Hand       |       |     2 |     2 |     4 |       |     8 |    11 |     8 ||    35
       Brothers in Arms  |       |       |     3 |     6 |     2 |     9 |     8 |     8 ||    36
       Berserk           |       |       |     1 |     3 |       |       |       |       ||     4
 Abil: Evoke Blink       |       |       |       |       |     1 |       |       |       ||     1
  Use: Scroll            |       |    10 |     8 |    11 |    16 |    16 |     8 |     4 ||    73
       Potion            |       |       |     2 |       |     3 |     9 |     3 |     8 ||    25
 Stab: Distracted        |       |     1 |     2 |     1 |       |     1 |     3 |     3 ||    11
  Eat: Chunk             |     3 |     7 |    35 |    54 |    56 |    20 |    15 |    10 ||   200
       Ration            |       |     1 |     2 |       |     1 |     4 |     6 |     5 ||    19
Armor: Animal skin       |    17 |       |       |       |       |       |       |       ||    17
       Leather armour    |    41 |     6 |       |       |       |       |       |       ||    47
       Plate armour      |       |    97 |   311 |   371 |   560 |   346 |   584 |   626 ||  2895
       Scale mail        |       |       |       |       |    35 |   216 |       |       ||   251
       Chain mail        |       |       |       |       |     1 |    42 |       |       ||    43
Dodge: Dodged            |   119 |   105 |   147 |   143 |   272 |   308 |   293 |   254 ||  1641
Block: Buckler           |       |       |       |    93 |   308 |   359 |       |       ||   760
       Reflection        |       |       |       |    29 |    24 |       |   121 |    33 ||   207
       Other             |       |       |       |     3 |       |       |       |       ||     3
       Shield            |       |       |       |       |       |    10 |  1011 |   731 ||  1752

Levels and vault maps discovered:
D:1:      lemuel_arrival_broad_hall, layout_basic, minmay_split_cup_large
D:2:      minmay_inner_zag, layout_basic, kiku_gazebo_pond_becter,
          overflow_temple_1_default
D:3:      layout_loops_corners, led_sif_book, chequers_ecumenical_altar_grove
D:4:      layout_loops_ring, minmay_temple_entry_fiery,
          biasface_ghost_orc_armoury, nemelex_diamond_rough_becter, uniq_robin,
          uniq_duvessa
D:5:      cheibrodos_barr_body, layout_basic, grunt_temple_overflow_opulence,
          gammafunk_temple_overflow_pools, serial_shops,
          nicolae_shop_window_shopping, first_ration
D:6:      layout_loops_cross, uniq_edmund
D:7:      layout_basic, grunt_temple_overflow_champion_of_chaos, serial_shops,
          nicolae_shop_statue_plus, interstate_on_off, grunt_ogre_cave
D:8:      gammafunk_sealed_arena, layout_loops_ring, serial_shops,
          nicolae_shop_crystal, evilmike_ruin_ashenzari, uniq_joseph,
          uniq_maurice
D:9:      layout_rooms, nicolae_tso_besieged_by_evil, orc_0_dummy
D:10:     minmay_the_grid_triangle_9x9_recursive_2
          [minmay_the_grid_triangle_9x9_prize_center,
          minmay_the_grid_triangle_9x9_wacky_v,
          minmay_the_grid_triangle_9x9_skeleton,
          minmay_the_grid_triangle_9x9_alien], layout_rooms, serial_shops, shop
D:11:     layout_irregular_city, dpeg_lair_monsters, uniq_erolcha
D:12:     layout_cross
D:13:     kennysheep_room_grid, layout_basic, erik_vaults_2,
          gauntlet_entry_generic
Temple:   minmay_temple_bridge_abc
Lair:1:   layout_long_grid, basic_altar, lemuel_fruit_tree
Lair:2:   layout_cave_pods, chequers_serial_rivers_micro_b, grunt_megastairs_3
Lair:3:   layout_gridlike, swamp_mist, nicolae_volcano_entry_two_sided,
          minmay_lair_oklob_chamber, grunt_megastairs_5
Lair:4:   layout_long_grid, guppyfry_snake_entry_island
Lair:5:   layout_loops_ring, dpeg_slime_entry_enclosed_altar,
          eino_house_with_fridge, serial_bayou_shore_b
Lair:6:   cheibrodos_lair_end_hotspot, layout_regular_city, st_stairs_11
Swamp:1:  layout_basic_swamp, hangedman_swamp_ruin_wall
Swamp:2:  layout_falls_marsh, evilmike_swamp_ruin_house_1, uniq_kirke
Swamp:3:  cheibrodos_swamp_monstrosity, layout_basic_swamp,
          evilmike_swamp_ruin_house_4, uniq_aizul, uniq_roxanne
Swamp:4:  swamp, layout_basic_swamp, swamp_pool4
Snake:1:  layout_misc_corridors, evilmike_ambush [evilmike_ambush_outer_pillars,
          evilmike_ambush_inner_pond], uniq_rupert
Snake:2:  nicolae_snakescales, layout_basic, portal_ice_cave_entry_pillars_four,
          uniq_azrael
Snake:3:  layout_basic, serial_shops, shop, shop, shop,
          hangedman_snake_wide_pillar_pass
Snake:4:  grunt_snake_rune_serpentine_throne, layout_cave_town, basic_altar,
          grunt_ministairs_9
Slime:1:  layout_caves, cheibrodos_slime_lost_civilization_6
Orc:1:    layout_caves, ebering_ghost_rock_garden
Orc:2:    st_orc_rangers, layout_diamond_mine, serial_shops,
          nicolae_shop_behind_doors
Elf:1:    eino_elf_arrival_customs, layout_loops_corners,
          hangedman_elven_crosses_minicolossus, minmay_shop_star, uniq_louise,
          uniq_jorgrun
Elf:2:    layout_geoelf_grid, uniq_asterion, uniq_agnes, uniq_nikola
Elf:3:    minmay_elf_hall_quartered_circle, layout_onion_city, serial_shops,
          shop, shop, nicolae_elf_m_pinch, dk_noncrumbling_3,
          corexii_hall_statues_i, nicolae_elf_big_sculpture_2, uniq_donald
Vaults:1: grunt_vaults_diagonal, vaults_dpeg_hooks, vaults_room_pool,
          nicolae_vaults_little_squares_6, v_misc_18,
          vaults_room_grunt_arrival_ludios, ontoclasm_vaults_loading_screen,
          dpeg_vaults_monster_box, layout_vaults_omnigrid, serial_shops,
          shop_statue, shop, shop_statue
Vaults:2: hangedman_vaults_snaps, nicolae_vaults_twisting_passages, v_misc_9,
          grunt_vaults_trifunnel, ontoclasm_vaults_spin, v_pattern_1,
          vaults_dpeg_diagonal, nicolae_vaults_angled_halls,
          nicolae_vaults_little_squares_4, vaults_room_glass_cross,
          minmay_crypt_entry_nasty_monster, nicolae_vaults_asterisk,
          grunt_vaults_hallway_short, layout_vaults_omnibox, serial_shops, shop
Vaults:3: ebering_vaults_ghost_xom, vaults_dpeg_doors,
          nicolae_vaults_puzzle_piece, nicolae_vaults_network_periphery,
          hangedman_vaults_nodes, vaults_mumra_chevron, v_misc_10,
          nicolae_vaults_little_squares_4, vaults_dpeg_encased_lava,
          hangedman_vaults_corner, grunt_vaults_twisty, v_alt_pattern_3,
          vaults_room_grid, nicolae_vaults_specimen_jars,
          layout_vaults_big_cross, serial_shops, nicolae_shop_trees
Vaults:4: nicolae_vaults_little_squares_3, nicolae_vaults_diagonal_hallway_8,
          hangedman_vaults_restitches, ontoclasm_vaults_misaligned,
          nicolae_vaults_three_branches, grunt_vaults_hallway_short,
          nicolae_vaults_big_angled_halls, v_misc_1, ontoclasm_vaults_gateway,
          ontoclasm_vaults_ligature, vaults_room_pool, ontoclasm_vaults_fault,
          grunt_vaults_funnel, v_misc_18, nicolae_vaults_yaktaur_gun_rack,
          layout_vaults_ring
Vaults:5
Crypt:1:  layout_regular_city, grunt_megastairs_4, uniq_khufu, uniq_margery
Crypt:2:  layout_gridlike, minmay_misc_feat_rows
Crypt:3:  quadcrypt_mu, uniq_mara

Notes
Turn   | Place    | Note
-------+----------+-------------------------------------------
     0 | D:1      | TheYango the Hill Orc Berserker began the quest for the
                  | Orb.
     0 | D:1      | Reached XP level 1. HP: 19/19 MP: 1/1
   203 | D:1      | Reached XP level 2. HP: 18/26 MP: 2/2
   388 | D:1      | Reached skill level 5 in Axes
   520 | D:1      | HP: 1/26 [kobold/+0 short sword (6)]
   813 | D:1      | Reached XP level 3. HP: 20/31 MP: 3/3
  1233 | D:1      | Reached ** piety under Trog
  1566 | D:2      | Reached skill level 6 in Axes
  1877 | D:2      | Reached XP level 4. HP: 25/39 MP: 4/4
  2161 | D:2      | Reached skill level 7 in Axes
  2273 | D:2      | Reached XP level 5. HP: 32/45 MP: 5/5
  2719 | D:2      | Found an ancient bone altar of Kikubaaqudgha.
  2756 | D:2      | Found a basalt altar of Yredelemnul.
  2917 | D:3      | Reached skill level 8 in Axes
  2919 | D:3      | Reached *** piety under Trog
  3172 | D:3      | Found a faded altar of an unknown god.
  3234 | D:3      | Reached XP level 6. HP: 48/51 MP: 6/6
  3497 | D:3      | Reached skill level 9 in Axes
  3590 | D:3      | Found a deep blue altar of Sif Muna.
  4195 | D:4      | Noticed Dowan
  4197 | D:4      | Noticed Duvessa
  4211 | D:4      | Killed Duvessa
  4211 | D:4      | Reached skill level 10 in Axes
  4211 | D:4      | Reached XP level 7. HP: 47/57 MP: 7/7
  4225 | D:4      | Killed Dowan
  4269 | D:4      | Found a runed translucent gate.
  4269 | D:4      | Found a runed translucent gate.
  4269 | D:4      | Found a runed translucent gate.
  4270 | D:4      | Noticed Tanorik's ghost (amateur GrHu)
  4271 | D:4      | Identified the +9 hunting sling of Severance {velocity,
                  | rF++ MR+ Str+2 Dex-2}
  4274 | D:4      | Found a roughly hewn altar of Beogh.
  4685 | D:4      | Found a sparkling altar of Nemelex Xobeh.
  4760 | D:4      | Noticed Robin
  4773 | D:4      | Killed Robin
  5066 | D:4      | Found a staircase to the Ecumenical Temple.
  5072 | Temple   | Entered the Ecumenical Temple
  5225 | D:3      | Killed Tanorik's ghost
  5225 | D:3      | Reached skill level 11 in Axes
  5328 | D:4      | Reached **** piety under Trog
  5460 | D:5      | Entered Level 5 of the Dungeon
  5480 | D:5      | Reached XP level 8. HP: 50/64 MP: 8/8
  5593 | D:5      | Reached skill level 12 in Axes
  5880 | D:5      | Found an opulent altar of Gozag.
  5880 | D:5      | Found a sparkling altar of Nemelex Xobeh.
  5930 | D:5      | Got an ebony whip
  5931 | D:5      | Identified the +1 whip of Zenwatso {slash, +Blink Str+2
                  | Int+2 Dex-3} (You found it on level 5 of the Dungeon)
  5947 | D:5      | Found Kept's Book Boutique.
  6016 | D:5      | Found a hazy altar of Hepliaklqana.
  6017 | D:5      | Found a shadowy altar of Dithmenos.
  6097 | D:5      | Reached skill level 13 in Axes
  6201 | D:5      | HP: 16/64 [centaur/cursed -2 shortbow (2)]
  6206 | D:5      | HP: 13/64 [centaur/cursed -2 shortbow (3)]
  6823 | D:6      | Reached skill level 14 in Axes
  6823 | D:6      | Reached XP level 9. HP: 70/70 MP: 9/9
  6855 | D:6      | Reached skill level 4 in Fighting
  6855 | D:6      | Reached skill level 3 in Armour
  7288 | D:6      | Noticed Edmund
  7297 | D:6      | Killed Edmund
  7410 | D:6      | Reached skill level 5 in Fighting
  7472 | D:7      | Reached skill level 4 in Armour
  7551 | D:7      | Found Xucegruje's Distillery.
  7837 | D:7      | Found a shimmering altar of Xom.
  7838 | D:7      | Found a burning altar of Makhleb.
  7916 | D:7      | Reached skill level 6 in Fighting
  7916 | D:7      | Reached skill level 5 in Armour
  8538 | D:8      | Found a transporter.
  8538 | D:8      | Found a transporter.
  8538 | D:8      | Noticed an obsidian statue
  8551 | D:8      | Noticed a hornet
  8628 | D:8      | Reached skill level 7 in Fighting
  8635 | D:8      | Reached skill level 6 in Armour
  8743 | D:8      | Found a shattered altar of Ashenzari.
  8743 | D:8      | Noticed Maurice
  8757 | D:8      | Killed Maurice
  8757 | D:8      | Reached skill level 8 in Fighting
  8757 | D:8      | Reached XP level 10. HP: 81/88 MP: 10/10
  8775 | D:8      | Noticed Joseph
  8780 | D:8      | Killed Joseph
  8780 | D:8      | Reached skill level 7 in Armour
  9070 | D:8      | Got a pitted war axe
  9071 | D:8      | Identified the +7 war axe of the Shrike {freeze, rF++
                  | Int+2} (You found it on level 8 of the Dungeon)
  9440 | D:8      | Found Lampeqoph's General Store.
  9444 | D:8      | Bought a scroll of identify for 28 gold pieces
  9461 | D:9      | Noticed a kobold demonologist
  9462 | D:9      | Noticed a kobold demonologist
  9463 | D:9      | Noticed a rust devil
  9511 | D:8      | Killed a kobold demonologist
  9511 | D:8      | Reached skill level 9 in Fighting
  9511 | D:8      | Killed a kobold demonologist
  9511 | D:8      | Reached skill level 8 in Armour
  9574 | D:9      | Found a glowing golden altar of the Shining One.
  9619 | D:9      | Reached ***** piety under Trog
  9646 | D:9      | Noticed a two-headed ogre
  9657 | D:9      | Killed a two-headed ogre
  9657 | D:9      | Reached skill level 10 in Fighting
  9657 | D:9      | Reached skill level 9 in Armour
  9760 | D:9      | You fall into a shaft and drop 3 floors!
  9801 | D:11     | Noticed a death yak
  9809 | D:11     | Noticed a death yak
  9811 | D:11     | Noticed a death yak
  9812 | D:11     | Killed a death yak
  9813 | D:11     | Killed an unseen horror
  9813 | D:11     | Reached XP level 11. HP: 40/101 MP: 11/11
  9818 | D:11     | Killed a death yak
  9818 | D:11     | Reached skill level 11 in Fighting
  9818 | D:11     | Reached skill level 10 in Armour
  9821 | D:11     | HP: 25/102 [death yak (8)]
  9822 | D:11     | Killed a death yak
  9829 | D:11     | Found a staircase to the Lair.
  9851 | D:11     | Killed an unseen horror
  9865 | D:10     | Entered Level 10 of the Dungeon
 10010 | D:10     | Killed an unseen horror
 10014 | D:10     | Received a gift from Trog
 10014 | D:10     | Reached skill level 12 in Fighting
 10086 | D:10     | Reached skill level 11 in Armour
 10107 | D:10     | Found Ifoe's Gadget Shoppe.
 10385 | D:10     | Noticed a two-headed ogre
 10391 | D:10     | Killed a two-headed ogre
 10737 | D:10     | Noticed a cyclops
 10739 | D:10     | Identified the cursed +0 hand crossbow of Overwhelming
                  | Force {speed, Fragile rF+ Str+2}
 10741 | D:10     | Noticed an orc knight
 10760 | D:10     | Received a gift from Trog
 10760 | D:10     | Reached skill level 13 in Fighting
 10763 | D:10     | Noticed a deep elf mage
 10770 | D:10     | Killed an orc knight
 10770 | D:10     | Reached XP level 12. HP: 115/115 MP: 12/12
 10776 | D:10     | Reached skill level 12 in Armour
 10932 | D:9      | Found a staircase to the Orcish Mines.
 11043 | D:9      | Noticed a two-headed ogre
 11052 | D:9      | Killed a two-headed ogre
 11066 | D:9      | Identified a scroll of acquirement
 11067 | D:9      | Got a faintly humming hat
 11078 | D:9      | Identified the +2 hat of Gookkem {+Blink SInv} (You
                  | acquired it on level 9 of the Dungeon)
 11361 | Orc:1    | Entered Level 1 of the Orcish Mines
 11369 | D:9      | Reached skill level 1 in Shields
 11420 | Orc:1    | Reached skill level 2 in Shields
 11523 | Orc:1    | Reached skill level 3 in Shields
 11707 | Orc:1    | You fall into a shaft and drop 1 floor!
 11707 | Orc:2    | Entered Level 2 of the Orcish Mines
 11921 | Orc:1    | Found a runed translucent gate.
 11921 | Orc:1    | Found a runed translucent gate.
 11946 | Orc:1    | Found a runed translucent gate.
 11947 | Orc:1    | Noticed Patomp's ghost (journeyman MiBe)
 12027 | Orc:1    | Reached skill level 4 in Shields
 12211 | Orc:2    | Found a staircase to the Elven Halls.
 12227 | Orc:2    | Found Ylahofen's Distillery.
 12417 | Orc:2    | Reached skill level 15 in Axes
 12422 | Orc:2    | Received a gift from Trog
 12613 | Orc:2    | Noticed a centaur warrior
 12624 | Orc:2    | Killed a centaur warrior
 12645 | Orc:2    | HP: 24/116 [orc knight/bolt (9)]
 13007 | Orc:2    | Reached skill level 14 in Fighting
 13225 | Orc:2    | Found Kuphal's Food Shop.
 13225 | Orc:2    | Found Qentulas's General Store.
 13227 | Orc:2    | Found Hohum's Antique Armour Emporium.
 13229 | Orc:2    | Found Yty Wutelyu's Antique Armour Boutique.
 13241 | Orc:2    | Bought a bronze scale mail for 225 gold pieces
 13241 | Orc:2    | Bought a pair of embroidered gloves for 187 gold pieces
 13251 | Orc:2    | Identified the +1 scale mail of the Sacrificial Victim
                  | {*Slow rC++ Dex+3} (You bought it in a shop on level 2 of
                  | the Orcish Mines)
 13312 | Orc:2    | HP: 11/117 [cyclops/large rock (26)]
 13314 | Orc:2    | Reached XP level 13. HP: 13/124 MP: 13/13
 13324 | Orc:2    | HP: 22/124 [orc warrior/bolt (13)]
 13331 | Orc:2    | Reached skill level 16 in Axes
 14155 | D:11     | Noticed Erolcha
 14177 | D:11     | Killed Erolcha
 14177 | D:11     | Reached skill level 13 in Armour
 14648 | D:8      | Bought a potion of agility for 56 gold pieces
 14798 | Orc:2    | Bought a scroll of identify for 28 gold pieces
 14863 | Orc:2    | Bought a potion of heal wounds for 65 gold pieces
 14863 | Orc:2    | Bought a potion of haste for 130 gold pieces
 14863 | Orc:2    | Bought a potion of curing for 39 gold pieces
 14863 | Orc:2    | Bought a potion of haste for 130 gold pieces
 14863 | Orc:2    | Bought a potion of haste for 130 gold pieces
 14970 | D:11     | Received a gift from Trog
 15590 | D:12     | Reached ****** piety under Trog
 16090 | D:13     | Noticed a sphinx
 16096 | D:13     | Reached skill level 17 in Axes
 16104 | D:13     | Killed a sphinx
 16280 | D:13     | Found a gate leading to a gauntlet.
 16293 | D:13     | Reached skill level 15 in Fighting
 16347 | D:13     | Found a gate to the Vaults.
 16347 | D:13     | Noticed a vault guard
 16347 | D:13     | Noticed a vault guard
 16347 | D:13     | Noticed a vault guard
 16347 | D:13     | Noticed a vault guard
 16347 | D:13     | Noticed a vault guard
 16347 | D:13     | Noticed a vault guard
 16347 | D:13     | Noticed a vault guard
 16348 | D:13     | Noticed a vault guard
 16362 | D:13     | Killed a vault guard
 16369 | D:13     | Killed a vault guard
 16376 | D:13     | Killed a vault guard
 16382 | D:13     | Killed a vault guard
 16382 | D:13     | Reached skill level 18 in Axes
 16395 | D:13     | Killed a vault guard
 16395 | D:13     | Reached XP level 14. HP: 92/135 MP: 14/14
 16412 | D:13     | Reached skill level 14 in Armour
 16751 | Lair:1   | Entered Level 1 of the Lair of Beasts
 16850 | Lair:1   | Found a snail-covered altar of Cheibriados.
 17815 | Lair:2   | Received a gift from Trog
 18269 | Lair:2   | Reached skill level 19 in Axes
 18949 | Lair:3   | Found a dark tunnel.
 19018 | Lair:3   | Reached skill level 16 in Fighting
 19085 | Volcano  | Entered a volcano
 19107 | Volcano  | Found a radiant altar of Vehumet.
 19587 | Lair:3   | Found a staircase to the Swamp.
 19944 | Lair:4   | Found a staircase to the Snake Pit.
 20833 | Lair:5   | Reached XP level 15. HP: 114/144 MP: 15/15
 21109 | Lair:5   | Found a viscous altar of Jiyva.
 21109 | Lair:5   | Found a staircase to the Slime Pits.
 21147 | Lair:5   | Reached skill level 20 in Axes
 21190 | Lair:5   | Reached skill level 15 in Armour
 21553 | Lair:6   | Entered Level 6 of the Lair of Beasts
 21855 | Lair:6   | Reached skill level 17 in Fighting
 22080 | Lair:6   | Reached skill level 1 in Bows
 22230 | Lair:6   | Found a large runed translucent door.
 22231 | Lair:6   | Found a large runed translucent door.
 22508 | Lair:6   | Reached skill level 2 in Bows
 22508 | Lair:6   | Reached skill level 5 in Shields
 23027 | Elf:1    | Entered Level 1 of the Elven Halls
 23214 | Elf:1    | Noticed Jorgrun
 23222 | Elf:1    | HP: 33/147 [Jorgrun/iron shot (51)]
 23328 | Elf:1    | Killed Jorgrun
 23328 | Elf:1    | Received a gift from Trog
 23328 | Elf:1    | Reached skill level 3 in Bows
 23328 | Elf:1    | Reached skill level 16 in Armour
 23599 | Elf:1    | Reached skill level 4 in Bows
 23602 | Elf:1    | Reached XP level 16. HP: 123/157 MP: 16/16
 23833 | Elf:1    | Reached skill level 18 in Fighting
 23833 | Elf:1    | Reached skill level 5 in Bows
 24058 | Elf:1    | Noticed Louise
 24065 | Elf:1    | Killed Louise
 24074 | Elf:1    | Found Geitufelo's Jewellery Emporium.
 24076 | Elf:1    | Found Xyimesh's Assorted Antiques.
 24078 | Elf:1    | Found Salowk's Distillery.
 24090 | Elf:1    | Bought the amulet of Koumuade {*Drain +Blink rPois Regen+}
                  | for 468 gold pieces
 24095 | Elf:1    | Bought the ring "Gink" {Ice rN++ Str+5} for 583 gold pieces
 24545 | Elf:2    | Received a gift from Trog
 24584 | Elf:2    | Got an ancient dire flail
 24590 | Elf:2    | Identified the +8 dire flail of Vuojaihu {crush, MP+9 Int+2
                  | Dex+4 SInv} (You found it on level 2 of the Elven Halls)
 24918 | Elf:2    | Found a runed translucent gate.
 24918 | Elf:2    | Found a runed translucent gate.
 24919 | Elf:2    | Found a runed translucent gate.
 24932 | Elf:2    | Noticed Asterion
 24940 | Elf:2    | Killed Asterion
 25035 | Elf:2    | Reached skill level 6 in Bows
 25084 | Elf:2    | Received a gift from Trog
 25350 | Elf:2    | HP: 38/159 [+2 broad axe of electrocution (9)]
 25354 | Elf:2    | Noticed Agnes
 25356 | Elf:2    | HP: 34/159 [+0 mace of protection (5)]
 25356 | Elf:2    | HP: 15/159 [+4 glaive of chopping (2)]
 25513 | Elf:2    | Reached skill level 17 in Armour
 25594 | Elf:2    | HP: 22/159 [+4 glaive of chopping (20)]
 25600 | Elf:2    | HP: 22/159 [poisoned by a +1 dire flail of venom]
 25608 | Elf:2    | HP: 27/159 [poisoned by a +1 dire flail of venom]
 25795 | Elf:2    | Killed Agnes
 25816 | Elf:2    | Noticed Nikola
 25838 | Elf:2    | Killed Nikola
 25925 | Elf:2    | Reached skill level 7 in Bows
 25953 | Elf:2    | Reached XP level 17. HP: 72/166 MP: 17/17
 26243 | Elf:2    | Received a gift from Trog
 26526 | Elf:3    | Entered Level 3 of the Elven Halls
 26568 | Elf:3    | HP: 41/166 [deep elf archer/arrow (1)]
 26581 | Elf:3    | HP: 19/166 [deep elf archer/arrow (14)]
 26869 | Elf:3    | Received a gift from Trog
 26976 | Elf:3    | Reached skill level 19 in Fighting
 27009 | Elf:3    | HP: 32/168 [smoke demon/divine providence[a deep elf
                  | demonologist] (17)]
 27336 | Elf:3    | Reached skill level 8 in Bows
 27338 | Elf:3    | Received a gift from Trog
 27441 | Elf:3    | Noticed Donald
 27458 | Elf:3    | Killed Donald
 27573 | Elf:3    | Received a gift from Trog
 27581 | Elf:3    | Reached skill level 6 in Shields
 27633 | Elf:3    | Found Letaokh's General Store.
 27705 | Elf:3    | Identified the ring "Jer Niut" {Slay+5 SInv}
 27745 | Elf:3    | Noticed a deep elf blademaster
 27752 | Elf:3    | Noticed a Tzitzimitl
 27765 | Elf:3    | Killed a deep elf blademaster
 27768 | Elf:3    | HP: 33/168 [ghostly deep elf blademaster/+0 rapier (15)]
 27864 | Elf:3    | Reached skill level 7 in Shields
 28009 | Elf:3    | Found Ihypt's Food Emporium.
 28049 | Elf:3    | Noticed a Tzitzimitl
 28254 | Elf:3    | Received a gift from Trog
 28254 | Elf:3    | Reached skill level 8 in Shields
 28606 | Elf:3    | Got a pitted chain mail
 28640 | Elf:3    | Identified the +5 chain mail of Exclusion {rF+ rC+ MR++}
                  | (You found it on level 3 of the Elven Halls)
 28699 | Elf:3    | Got a twisted helmet
 28710 | Elf:3    | Identified the +2 helmet of Toggaliwn {rC- rN++ Regen+
                  | rCorr Int+2} (You found it on level 3 of the Elven Halls)
 28891 | Elf:3    | Killed a ghostly deep elf blademaster
 28891 | Elf:3    | Reached skill level 9 in Shields
 29199 | Swamp:1  | Entered Level 1 of the Swamp
 29255 | Swamp:1  | Reached skill level 10 in Shields
 29340 | Swamp:1  | Reached XP level 18. HP: 176/176 MP: 18/18
 29740 | Swamp:1  | Reached skill level 11 in Shields
 29928 | Swamp:2  | Noticed Kirke
 29946 | Swamp:2  | Killed Kirke
 30216 | Swamp:2  | Reached skill level 12 in Shields
 30249 | Swamp:2  | Got a brightly glowing short sword
 30250 | Swamp:2  | Identified the cursed +2 short sword "Ahabb" {pierce, MP+9
                  | Dex+3} (You found it on level 2 of the Swamp)
 30548 | Swamp:3  | Received a gift from Trog
 30562 | Swamp:3  | Noticed Aizul
 30578 | Swamp:3  | Killed Aizul
 30794 | Swamp:3  | Reached skill level 13 in Shields
 31442 | Swamp:3  | Noticed Roxanne
 31561 | Swamp:3  | Noticed a tentacled monstrosity
 31586 | Swamp:3  | Killed a tentacled monstrosity
 31645 | Swamp:4  | Entered Level 4 of the Swamp
 31758 | Swamp:4  | Reached skill level 14 in Shields
 31800 | Swamp:4  | Received a gift from Trog
 31841 | Swamp:4  | HP: 44/176 [shambling mangrove (5)]
 31843 | Swamp:4  | Reached skill level 15 in Shields
 31845 | Swamp:4  | HP: 11/176 [thorn hunter/volley of thorns (34)]
 31851 | Swamp:4  | HP: 40/176 [seven-headed hydra (10)]
 32038 | Swamp:3  | Killed Roxanne
 32038 | Swamp:3  | Reached skill level 21 in Axes
 32277 | Swamp:4  | Reached XP level 19. HP: 177/183 MP: 19/19
 32318 | Swamp:4  | Received a gift from Trog
 32479 | Swamp:4  | Got a decaying rune of Zot
 32780 | Snake:1  | Entered Level 1 of the Snake Pit
 32801 | Snake:1  | Reached skill level 18 in Armour
 32945 | Snake:1  | Received a gift from Trog
 33018 | Snake:1  | Got an ichor-stained war axe
 33019 | Snake:1  | Identified the +10 war axe of Contradiction {drain, *Drain
                  | rF+ rC++} (You found it on level 1 of the Snake Pit)
 33128 | Snake:1  | Noticed Rupert
 33147 | Snake:1  | Killed Rupert
 33662 | Snake:2  | Noticed Azrael
 33666 | Snake:2  | Killed Azrael
 33677 | Snake:2  | Reached skill level 20 in Fighting
 33746 | Snake:2  | Received a gift from Trog
 33953 | Snake:2  | Found a frozen archway.
 33961 | IceCv    | Entered an ice cave
 34116 | IceCv    | Received a gift from Trog
 34372 | IceCv    | Noticed an Ice Fiend
 34405 | IceCv    | Killed an Ice Fiend
 34570 | IceCv    | Got a crystal rapier
 34571 | IceCv    | Identified the +7 rapier of Kilenaosk {elec, rPois MR+
                  | Dex-5} (You found it in an ice cave)
 34582 | IceCv    | Got a faintly humming hat
 34593 | IceCv    | Identified the +1 hat of Girixt {Str+2 Int-4 Slay+2} (You
                  | found it in an ice cave)
 34846 | Snake:3  | Reached skill level 22 in Axes
 34918 | Snake:3  | Found Beseodd's General Store.
 35193 | Snake:3  | Found Ihuopt's Armour Boutique.
 35264 | Snake:3  | Found Wiyps's Jewellery Boutique.
 35273 | Snake:3  | Bought the ring of Laerirel {+Fly rElec rN+ Int-2 Dex+2}
                  | for 428 gold pieces
 35419 | Snake:4  | Entered Level 4 of the Snake Pit
 35659 | Snake:4  | Reached XP level 20. HP: 194/195 MP: 20/20
 35670 | Snake:4  | Received a gift from Trog
 35892 | Snake:4  | Found a snail-covered altar of Cheibriados.
 35932 | Snake:4  | Reached skill level 19 in Armour
 36103 | Snake:4  | Received a gift from Trog
 36253 | Snake:4  | Reached skill level 9 in Bows
 36291 | Snake:4  | Received a gift from Trog
 36371 | Snake:4  | Received a gift from Trog
 36458 | Snake:4  | Got a serpentine rune of Zot
 36490 | Snake:4  | Got a translucent shortbow {god gift}
 36496 | Snake:4  | Identified the +9 shortbow of Suicidal Tendencies {flame,
                  | Str+2 Int+4 Dex+4} (Trog gifted it to you on level 4 of the
                  | Snake Pit)
 36731 | Slime:1  | Entered Level 1 of the Pits of Slime
 36735 | Lair:5   | Upgraded the game from 0.24-a0-381-g637bb38 to
                  | 0.24-a0-397-g73b976d
 36910 | Vaults:1 | Entered Level 1 of the Vaults
 36978 | Vaults:1 | Found Xyvaepn's Assorted Antiques.
 37293 | Vaults:1 | Reached skill level 21 in Fighting
 37420 | Vaults:1 | Received a gift from Trog
 37485 | Vaults:1 | Found Durrodueli's Distillery.
 37582 | Vaults:1 | Found Gur Ciopt's Antique Armour Shoppe.
 37588 | Vaults:1 | Reached skill level 10 in Bows
 37601 | Vaults:1 | Bought a pair of embroidered boots for 217 gold pieces
 37601 | Vaults:1 | Bought an encrusted helmet for 275 gold pieces
 37611 | Vaults:1 | Identified the +0 helmet of Calculation {+Inv} (You bought
                  | it in a shop on level 1 of the Vaults)
 37632 | Vaults:1 | Identified a +0 pair of boots of running (You bought it in
                  | a shop on level 1 of the Vaults)
 37780 | Vaults:1 | Reached XP level 21. HP: 202/204 MP: 21/21
 38045 | Vaults:1 | Reached skill level 23 in Axes
 38121 | Vaults:1 | Bought a potion of haste for 170 gold pieces
 38121 | Vaults:1 | Bought a potion of curing for 51 gold pieces
 38121 | Vaults:1 | Bought a potion of curing for 51 gold pieces
 38499 | Vaults:2 | Received a gift from Trog
 38598 | Vaults:2 | Found a staircase to the Crypt.
 38598 | Vaults:2 | Noticed a bone dragon
 38624 | Vaults:2 | Killed a bone dragon
 38669 | Vaults:2 | Found Uhoynwox's Armour Shoppe.
 38911 | Vaults:2 | Reached skill level 20 in Armour
 39314 | Vaults:2 | Received a gift from Trog
 39373 | Vaults:2 | Reached skill level 11 in Bows
 40140 | Vaults:3 | Received a gift from Trog
 40180 | Vaults:3 | Received a gift from Trog
 40216 | Vaults:3 | Got a faintly glowing robe
 40227 | Vaults:3 | Identified the +0 robe of the Bruised Beds {Str+2} (You
                  | found it on level 3 of the Vaults)
 40333 | Vaults:3 | Reached skill level 22 in Fighting
 40608 | Vaults:3 | Found Maiptekk's General Store.
 40723 | Vaults:3 | Reached XP level 22. HP: 215/215 MP: 22/22
 41000 | Vaults:3 | Found a runed translucent door.
 41000 | Vaults:3 | Found a shimmering altar of Xom.
 41000 | Vaults:3 | Noticed gunnmetal's ghost (adept GrBe)
 41000 | Vaults:3 | Identified the +4 broad axe of Upheaval {chaos, Fragile
                  | MR+++ Dex+4 Stlth+}
 41014 | Vaults:3 | Killed gunnmetal's ghost
 41017 | Vaults:3 | Got a smoking ring mail
 41033 | Vaults:3 | Identified the +1 ring mail "Baugg" {rElec} (You found it
                  | on level 3 of the Vaults)
 41370 | Vaults:4 | Paralysed by a lich for 5 turns
 41422 | Vaults:4 | Reached skill level 24 in Axes
 41772 | Vaults:4 | Received a gift from Trog
 41882 | Vaults:4 | Reached skill level 12 in Bows
 42107 | Vaults:4 | Received a gift from Trog
 42453 | Vaults:4 | Received a gift from Trog
 42747 | Crypt:1  | Entered Level 1 of the Crypt
 43016 | Crypt:1  | Received a gift from Trog
 43195 | Crypt:1  | Reached skill level 21 in Armour
 43209 | Crypt:1  | Received a gift from Trog
 43312 | Crypt:1  | Noticed Khufu
 43329 | Crypt:1  | Killed Khufu
 43410 | Crypt:1  | Noticed Margery
 43425 | Crypt:1  | Killed Margery
 43434 | Crypt:1  | Received a gift from Trog
 43971 | Crypt:2  | Reached XP level 23. HP: 144/225 MP: 23/23
 44287 | Crypt:2  | Got a black opal-encrusted leather armour
 44298 | Crypt:2  | Identified the +2 leather armour "Esi Tithyph" {*Drain
                  | rElec rF+++ Str-4} (You found it on level 2 of the Crypt)
 44572 | Crypt:2  | Received a gift from Trog
 44655 | Crypt:3  | Entered Level 3 of the Crypt
 44711 | Crypt:3  | Reached skill level 23 in Fighting
 44771 | Crypt:3  | Reached skill level 13 in Bows
 44985 | Crypt:3  | Found a staircase to the Tomb.
 44991 | Crypt:3  | Found the +3 hat of Pondering {ponderous, MR+ MP+10 Int+5}
 45385 | Crypt:3  | Received a gift from Trog
 45435 | Crypt:3  | Noticed Mara
 45447 | Crypt:3  | Reached skill level 25 in Axes
 45474 | Crypt:3  | Noticed TheYango's illusion
 45500 | Crypt:3  | Killed Mara
 45710 | Crypt:3  | Found an ancient bone altar of Kikubaaqudgha.
 45860 | Crypt:3  | Noticed an ancient lich
 45871 | Crypt:3  | Killed an ancient lich
 46049 | Crypt:3  | Found the +7 great mace "Undeadhunter" {disrupt, rN+}
 46401 | Vaults:5 | Entered Level 5 of the Vaults
 46458 | Vaults:4 | Reached XP level 24. HP: 158/236 MP: 23/23
 46484 | Vaults:4 | Received a gift from Trog
 46634 | Vaults:5 | Reached skill level 22 in Armour
 46660 | Vaults:5 | HP: 54/237 [titan/the air (26)]
 46663 | Vaults:5 | Killed from afar by a deep elf annihilator

Vanquished Creatures
  Khufu (Crypt:1)
  Mara (Crypt:3)
  A bone dragon (Vaults:2)
  6 liches
  Jorgrun (Elf:1)
  3 tentacled monstrosities
  Rupert (Snake:1)
  An Ice Fiend (IceCv)
  A titan (Vaults:5)
  Asterion (Elf:2)
  The ghost of gunnmetal the Warrior, an adept GrBe of Trog (Vaults:3)
  A sphinx (D:13)
  Kirke (Swamp:2)
  4 thorn hunters
  A shadow dragon (Vaults:4)
  Roxanne (Swamp:3)
  Donald (Elf:3)
  8 nagarajas
  2 revenants (Crypt:1)
  A frost giant (Vaults:4)
  5 vault wardens
  11 deep elf sorcerers
  Aizul (Swamp:3)
  3 curse skulls
  10 ironheart preservers
  4 stone giants
  A deep elf elementalist (Elf:3)
  4 ghouls (Crypt:2)
  3 war gargoyles (Crypt:3)
  An entropy weaver (Vaults:4)
  A very ugly thing (Swamp:1)
  5 vampire knights
  3 deep elf demonologists (Elf:3)
  Azrael (Snake:2)
  2 deep elf annihilators
  An ettin (shapeshifter) (Vaults:2)
  5 ettins
  5 fire dragons
  5 eidola
  7 deep elf death magi
  7 jiangshi
  23 hydras
  2 quicksilver dragon zombies (Crypt:2)
  12 ogre magi
  2 great orbs of eyes
  35 vault guards
  3 ice dragons
  8 yaktaur captains
  Erolcha (D:11)
  4 rakshasas
  11 naga warriors
  2 shambling mangroves
  33 two-headed ogres
  12 alligators
  11 anacondas
  4 death knights
  32 dancing weapons
  A ghost crab (Swamp:3)
  9 centaur warriors
  10 death yaks
  4 vampire magi
  A titan zombie (Crypt:3)
  5 shock serpents
  An orc high priest (Elf:1)
  18 deep elf knights
  2 storm dragon zombies (Crypt:3)
  4 naga sharpshooters
  A fire crab (D:13)
  13 hell knights
  A sea snake (Snake:3)
  A shadow wraith (Crypt:2)
  14 skeletal warriors
  A wizard (Vaults:3)
  2 spriggan druids (Swamp:2)
  9 swamp dragons
  2 salamander mystics
  An anaconda zombie (Crypt:1)
  13 deep elf archers
  2 unseen horrors (shapeshifter)
  2 unseen horrors (D:11)
  5 flayed ghosts
  8 naga ritualists
  2 shadow dragon zombies
  A swamp dragon (shapeshifter) (Vaults:3)
  6 deep trolls
  A harpy (shapeshifter) (Vaults:3)
  11 orc knights
  9 harpies
  7 necromancers
  69 deep elf magi
  16 ironbrand convokers
  A lindwurm (Lair:6)
  16 mana vipers
  19 phantasmal warriors
  5 wolf spiders
  A mana viper (shapeshifter) (Vaults:2)
  A cyclops (shapeshifter) (Vaults:2)
  A frost giant zombie (Crypt:2)
  An orc sorcerer (Orc:2)
  7 salamanders
  A cyclops (D:10)
  2 fire giant zombies (Crypt:2)
  2 human zombies
  22 naga magi
  10 vault sentinels
  20 ugly things
  4 elephants
  17 guardian serpents
  4 centaur zombies
  A stone giant skeleton (Crypt:3)
  2 frost giant skeletons
  A dire elephant zombie (Crypt:1)
  42 black mambas
  2 molten gargoyles (Lair:6)
  An ice statue (IceCv)
  A dire elephant skeleton (Crypt:1)
  13 spiny frogs
  2 yaktaur zombies
  6 gargoyles
  3 smoke demons (Crypt:3)
  A komodo dragon (shapeshifter) (Vaults:4)
  2 torpor snails
  10 komodo dragons
  24 yaktaurs
  4 anaconda simulacra (IceCv)
  2 kobold demonologists (D:8)
  13 freezing wraiths
  2 golden dragon simulacra (IceCv)
  6 ice devils (IceCv)
  A rime drake (Lair:2)
  A hydra zombie (Crypt:1)
  4 red devils (Crypt:3)
  A polar bear (Lair:5)
  5 trolls
  A harpy skeleton (Crypt:2)
  12 tyrant leeches
  4 hornets
  11 blink frogs
  A raiju (shapeshifter) (Vaults:4)
  25 slime creatures
  A fire dragon zombie (Crypt:2)
  A blink frog (shapeshifter) (Vaults:3)
  An ice dragon zombie (Crypt:2)
  10 hippogriffs
  8 bog bodies
  4 dream sheep (Lair:4)
  An ettin zombie (Crypt:3)
  4 flying skulls (Crypt:1)
  2 frost giant simulacra
  7 wraiths
  An air elemental (Elf:1)
  8 shadows
  8 wyverns
  A fire dragon skeleton (Crypt:2)
  4 dire elephant simulacra
  6 vampires
  4 spriggans
  3 hogs (Swamp:2)
  3 ettin skeletons
  A redback (Vaults:4)
  4 water elementals
  A human (shapeshifter) (Elf:3)
  56 yaks
  8 fire elementals
  A black mamba skeleton (Crypt:1)
  4 hungry ghosts
  7 basilisks
  3 steam dragons
  A two-headed ogre zombie (Crypt:1)
  6 vampire mosquitoes
  5 insubstantial wisps (Swamp:4)
  4 wargs
  The ghost of Tanorik the Bolt Thrower, an amateur GrHu (D:3)
  2 harpy simulacra (IceCv)
  38 nagas
  2 hydra simulacra (IceCv)
  6 iron troll simulacra (IceCv)
  5 acid dragons
  10 swamp worms
  11 porcupines
  Duvessa (D:4)
  6 water moccasins
  7 hell hounds
  34 orc warriors
  3 black bears
  3 eyes of draining
  An ettin simulacrum (Crypt:1)
  2 ice beasts (D:11)
  A sky beast (D:10)
  11 swamp drakes
  A swamp dragon zombie (Crypt:1)
  2 phantoms
  5 boggarts (Vaults:3)
  A necrophage (D:9)
  4 wolves
  52 ogres
  26 centaurs
  2 human skeletons
  4 big kobolds
  13 crocodiles
  14 bullfrogs
  2 gnoll sergeants
  Dowan (D:4)
  A wyvern zombie (Crypt:2)
  An earth elemental (Elf:3)
  2 wyvern skeletons
  2 scorpions
  A raiju zombie (Crypt:2)
  10 killer bees (D:8)
  9 wights
  3 howler monkeys
  2 crimson imps
  3 bullfrog zombies
  5 lava snakes (Lair:6)
  3 draconian simulacra (IceCv)
  4 bullfrog skeletons
  4 jellies
  6 hounds
  A gnoll shaman (D:5)
  20 orc priests
  A black bear skeleton (Crypt:2)
  4 centaur skeletons
  An iron imp (D:9)
  24 orc wizards
  4 iguanas
  A spriggan simulacrum (IceCv)
  3 polar bear simulacra
  11 worker ants
  A yak simulacrum (Lair:5)
  4 hell rats (Lair:3)
  3 troll simulacra (IceCv)
  6 wolf simulacra (Lair:5)
  2 centaur simulacra (IceCv)
  A tengu zombie (Crypt:1)
  A felid skeleton (Crypt:2)
  A mummy (Crypt:1)
  Robin (D:4)
  11 gnolls
  A howler monkey skeleton (D:6)
  17 adders
  4 naga simulacra (IceCv)
  3 shadow imps
  4 white imps (IceCv)
  9 ufetubi (IceCv)
  2 oozes
  An adder zombie (D:6)
  A worm (D:2)
  A dart slug (D:1)
  A leopard gecko (D:2)
  96 orcs
  A ball python (D:2)
  A bat skeleton (Crypt:2)
  7 giant cockroaches
  12 hobgoblins
  17 jackals
  5 quokkas
  11 bats
  3 frilled lizards (D:2)
  19 goblins
  3 goblin skeletons
  2 hobgoblin zombies (D:9)
  A jackal skeleton (D:5)
  2 jackal zombies
  25 kobolds
  A kobold skeleton (D:9)
  A kobold zombie (D:9)
  2 orc zombies (D:9)
  10 rats
  A rat skeleton (Crypt:2)
  2 river rat simulacra (Lair:5)
  6 briar patches
  A crawling corpse (Elf:3)
  2 fungi
  A plant (Lair:1)
1790 creatures vanquished.

Vanquished Creatures (collateral kills)
  An ancient lich (Crypt:3)
  Margery (Crypt:1)
  Nikola (Elf:2)
  A deep elf blademaster (Elf:3)
  Agnes (Elf:2)
  A frost giant (Vaults:2)
  A vault warden (Vaults:1)
  Louise (Elf:1)
  A deep elf demonologist (Elf:1)
  2 deep elf annihilators (Elf:3)
  A yaktaur captain (Vaults:2)
  A deep elf high priest (Elf:3)
  A vault guard (Vaults:4)
  3 naga warriors
  An ogre mage (Vaults:1)
  A centaur warrior (Orc:2)
  A death yak (D:11)
  3 two-headed ogres (Vaults:2)
  4 dancing weapons
  An alligator (shapeshifter) (Vaults:5)
  A naga sharpshooter (Snake:1)
  5 hell knights
  An unseen horror (D:10)
  An anaconda zombie (Crypt:1)
  2 deep elf archers
  An ironbrand convoker (Vaults:1)
  An orc sorcerer (Vaults:1)
  2 orc knights (Orc:2)
  3 deep elf magi
  2 vault sentinels
  Maurice (D:8)
  Joseph (D:8)
  2 guardian serpents
  4 black mambas
  2 yaktaurs (Vaults:1)
  A komodo dragon (Lair:6)
  A troll (D:10)
  A wraith (D:10)
  A basilisk (Lair:6)
  A wyvern (D:10)
  A yaktaur simulacrum (Vaults:3)
  A naga (Snake:4)
  Edmund (D:6)
  A water moccasin (Lair:6)
  A sky beast (D:8)
  3 ogres
  7 orc warriors (Orc:2)
  A phantom (D:10)
  4 centaurs
  A cyclops skeleton (Crypt:1)
  2 crimson imps
  2 iguanas
  2 mummies (Crypt:1)
  3 gnolls (D:10)
  An adder (D:11)
  A leopard gecko (D:10)
  7 orcs
  A giant cockroach (D:8)
102 creatures vanquished.

Vanquished Creatures (others)
  A nagaraja (Snake:4)
  A yaktaur captain (Vaults:2)
  2 centaur warriors
  A two-headed ogre (Vaults:2)
  2 naga sharpshooters (Snake:4)
  A cyclops (Orc:2)
  5 yaktaurs
  An orc warrior (Elf:1)
  2 ogres
  3 centaurs
  3 orcs
  2 briar patches
  3 plants
27 creatures vanquished.

Grand Total: 1919 creatures vanquished
